TOP OF THE 1ST |
Delmarva Shorebirds batting - Pitching for Cedar Rapids Kernels : RHP Dean Huch
|
Pitching: RHP Dean Huch
|
|
Batting: RHB Josh Hopp
|
0-0: Ball 1-0: Ground out 5-3 (Groundball, 5S, EV 72.5 MPH)
|
Batting: RHB Steve Jones
|
0-0: Called Strike 0-1: Ball 1-1: Ball 2-1: Swinging Strike 2-2: Strikes out swinging
|
Batting: RHB Daniel Jackson
|
0-0: DOUBLE (Flyball, 8RXD, EV 95.0 MPH)
|
Batting: RHB Ken Manser
|
0-0: Foul Ball, location: 2F 0-1: Fly out, F8 (Flyball, 8RXD, EV 101.9 MPH)
|
Top of the 1st over - 0 runs, 1 hit, 0 errors, 1 left on base; Delmarva 0 - Cedar Rapids 0 |
BOTTOM OF THE 1ST |
Cedar Rapids Kernels batting - Pitching for Delmarva Shorebirds : RHP Bryant Orr
|
Pitching: RHP Bryant Orr
|
|
Batting: RHB David McDonald
|
0-0: Called Strike 0-1: Swinging Strike 0-2: Ball 1-2: Ball 2-2: Strikes out swinging
|
Batting: RHB Tim Carter
|
0-0: Ball 1-0: Ball 2-0: Ball 3-0: Called Strike 3-1: Foul Ball, location: 2F 3-2: Strikes out swinging
|
Batting: LHB Kuemon Shishido
|
0-0: Called Strike 0-1: Ball 1-1: DOUBLE (Groundball, 3L, EV 97.5 MPH)
|
Batting: LHB Shaun Price
|
0-0: Ball 1-0: Ball 2-0: Ball 3-0: Called Strike 3-1: Foul Ball, location: 2F 3-2: Foul Ball, location: 2F 3-2: Base on Balls
|
Batting: LHB Brian Wagner
|
0-0: Called Strike 0-1: Ball 1-1: Foul Ball, location: 2F 1-2: Strikes out swinging
|
Bottom of the 1st over - 0 runs, 1 hit, 0 errors, 2 left on base; Delmarva 0 - Cedar Rapids 0 |
TOP OF THE 2ND |
Delmarva Shorebirds batting - Pitching for Cedar Rapids Kernels : RHP Dean Huch
|
Batting: RHB Maup Gommers
|
0-0: Called Strike 0-1: Fly out, F9 (Flyball, 89M, EV 88.8 MPH)
|
Batting: RHB Ethan Finke
|
0-0: Foul Ball, location: 2F 0-1: Foul Ball, location: 2F 0-2: Strikes out swinging
|
Batting: RHB Wes Reynolds
|
0-0: Ball 1-0: Called Strike 1-1: Ball 2-1: Foul Ball, location: 2F 2-2: Ball 3-2: Foul Ball, location: 2F 3-2: DOUBLE (Flyball, 8LD, EV 106.9 MPH)
|
Batting: LHB Keith Long
|
0-0: Called Strike 0-1: Ball 1-1: Foul Ball, location: 2F 1-2: Ball 2-2: Ground out 4-3 (Groundball, 4S, EV 85.6 MPH)
|
Top of the 2nd over - 0 runs, 1 hit, 0 errors, 1 left on base; Delmarva 0 - Cedar Rapids 0 |
BOTTOM OF THE 2ND |
Cedar Rapids Kernels batting - Pitching for Delmarva Shorebirds : RHP Bryant Orr
|
Batting: LHB Marvin Shepherd
|
0-0: Called Strike 0-1: Swinging Strike 0-2: Ball 1-2: Foul Ball, location: 2F 1-2: Strikes out swinging
|
Batting: LHB Hector Olvera
|
0-0: Ball 1-0: Fly out, F7 (Flyball, 7S, EV 80.6 MPH)
|
Batting: RHB Dave Berry
|
0-0: Foul Ball, location: 2F 0-1: Ball 1-1: Foul Ball, location: 2F 1-2: Foul Ball, location: 2F 1-2: Ball 2-2: Strikes out swinging
|
Bottom of the 2nd over - 0 runs, 0 hits, 0 errors, 0 left on base; Delmarva 0 - Cedar Rapids 0 |
TOP OF THE 3RD |
Delmarva Shorebirds batting - Pitching for Cedar Rapids Kernels : RHP Dean Huch
|
Batting: RHB Tony Godley
|
0-0: Ball 1-0: Ball 2-0: Fly out, F7 (Line Drive, 78M, EV 93.1 MPH)
|
Batting: RHB Josh Hopp
|
0-0: Called Strike 0-1: Bunt for hit to 13 - play at first, batter OUT! 1-3
|
Batting: RHB Steve Jones
|
0-0: Ground out 5-3 (Groundball, 56, EV 98.8 MPH)
|
Top of the 3rd over - 0 runs, 0 hits, 0 errors, 0 left on base; Delmarva 0 - Cedar Rapids 0 |
BOTTOM OF THE 3RD |
Cedar Rapids Kernels batting - Pitching for Delmarva Shorebirds : RHP Bryant Orr
|
Batting: RHB Antonio Santos
|
0-0: Ball 1-0: Ball 2-0: Ball 3-0: Called Strike 3-1: Ground out 6-3 (Groundball, 6, EV 81.9 MPH)
|
Batting: RHB David McDonald
|
0-0: Called Strike 0-1: Swinging Strike 0-2: Strikes out swinging
|
Batting: RHB Tim Carter
|
0-0: Ball 1-0: Ground out 5-3 (Groundball, 5, EV 103.8 MPH)
|
Bottom of the 3rd over - 0 runs, 0 hits, 0 errors, 0 left on base; Delmarva 0 - Cedar Rapids 0 |
TOP OF THE 4TH |
Delmarva Shorebirds batting - Pitching for Cedar Rapids Kernels : RHP Dean Huch
|
Batting: RHB Daniel Jackson
|
0-0: Called Strike 0-1: Ball 1-1: Swinging Strike 1-2: Foul Ball, location: 2F 1-2: Ball 2-2: SINGLE (Line Drive, 9S, EV 101.9 MPH)
|
Batting: RHB Ken Manser
|
0-0: Foul Ball, location: 2F 0-1: Foul Ball, location: 2F 0-2: Ball 1-2: Foul Ball, location: 2F 1-2: SINGLE (Groundball, 6MD, EV 106.9 MPH) Daniel Jackson to second
|
Batting: RHB Maup Gommers
|
0-0: Called Strike 0-1: Ball 1-1: Ball 2-1: Foul Ball, location: 2F 2-2: Ball 3-2: Foul Ball, location: 2F 3-2: Strikes out swinging
|
Batting: RHB Ethan Finke
|
0-0: Called Strike 0-1: Called Strike 0-2: Ball 1-2: Strikes out swinging
|
Batting: RHB Wes Reynolds
|
0-0: Foul Ball, location: 2F 0-1: Ball 1-1: Swinging Strike 1-2: Ball 2-2: Ball 3-2: Base on Balls Daniel Jackson to third Ken Manser to second
|
Batting: LHB Keith Long
|
0-0: SINGLE (Line Drive, 4MD, EV 98.8 MPH) Daniel Jackson scores Ken Manser to third Wes Reynolds to second Runner from 3rd tries for Home, SAFE, throw by CF to home
|
Batting: RHB Tony Godley
|
0-0: Ball 1-0: Ball 2-0: Fly out, F8 (Flyball, 78M, EV 79.4 MPH)
|
Top of the 4th over - 2 runs, 3 hits, 0 errors, 2 left on base; Delmarva 2 - Cedar Rapids 0 |
BOTTOM OF THE 4TH |
Cedar Rapids Kernels batting - Pitching for Delmarva Shorebirds : RHP Bryant Orr
|
Batting: LHB Kuemon Shishido
|
0-0: Ball 1-0: Ground out 6-3 (Groundball, 4, EV 82.5 MPH)
|
Batting: LHB Shaun Price
|
0-0: Ball 1-0: Called Strike 1-1: Ball 2-1: Ball 3-1: Ground out 5-3 (Groundball, 56, EV 91.2 MPH)
|
Batting: LHB Brian Wagner
|
0-0: Ball 1-0: Called Strike 1-1: Foul Ball, location: 2F 1-2: Foul Ball, location: 2F 1-2: Ball 2-2: Foul Ball, location: 2F 2-2: Strikes out swinging
|
Bottom of the 4th over - 0 runs, 0 hits, 0 errors, 0 left on base; Delmarva 2 - Cedar Rapids 0 |
TOP OF THE 5TH |
Delmarva Shorebirds batting - Pitching for Cedar Rapids Kernels : RHP Dean Huch
|
Batting: RHB Josh Hopp
|
0-0: Swinging Strike 0-1: Foul Ball, location: 2F 0-2: Strikes out swinging
|
Batting: RHB Steve Jones
|
0-0: Ball 1-0: Foul Ball, location: 2F 1-1: Foul Ball, location: 2F 1-2: Foul Ball, location: 2F 1-2: Fly out, F9 (Flyball, 89S, EV 83.1 MPH)
|
Batting: RHB Daniel Jackson
|
0-0: Ball 1-0: Called Strike 1-1: Ball 2-1: SINGLE (Line Drive, 34D, EV 101.9 MPH)
|
Batting: RHB Ken Manser
|
0-0: SINGLE (Groundball, 13, EV 84.4 MPH) (infield hit) Daniel Jackson to second
|
Batting: RHB Maup Gommers
|
0-0: Foul Ball, location: 2F 0-1: Ball 1-1: Ball 2-1: Foul Ball, location: 2F 2-2: Foul Ball, location: 2F 2-2: Foul Ball, location: 2F 2-2: Ball 3-2: Base on Balls Daniel Jackson to third Ken Manser to second
|
Batting: RHB Ethan Finke
|
0-0: Ball 1-0: Ground out 3-1 (Groundball, 34, EV 105.0 MPH)
|
Top of the 5th over - 0 runs, 2 hits, 0 errors, 3 left on base; Delmarva 2 - Cedar Rapids 0 |
BOTTOM OF THE 5TH |
Cedar Rapids Kernels batting - Pitching for Delmarva Shorebirds : RHP Bryant Orr
|
Batting: LHB Marvin Shepherd
|
0-0: Swinging Strike 0-1: Ball 1-1: SINGLE (Groundball, 34D, EV 101.9 MPH)
|
Batting: LHB Hector Olvera
|
0-0: Called Strike 0-1: Ball 1-1: Foul Ball, location: 2F 1-2: Strikes out looking
|
Batting: RHB Dave Berry
|
0-0: Swinging Strike 0-1: Foul Ball, location: 2F 0-2: Ball 1-2: Strikes out swinging
|
Batting: RHB Antonio Santos
|
0-0: Ball 1-0: Ground out 4-3 (Groundball, 4S, EV 94.4 MPH)
|
Bottom of the 5th over - 0 runs, 1 hit, 0 errors, 1 left on base; Delmarva 2 - Cedar Rapids 0 |
TOP OF THE 6TH |
Delmarva Shorebirds batting - Pitching for Cedar Rapids Kernels : RHP Dean Huch
|
Batting: RHB Wes Reynolds
|
0-0: Ball 1-0: Ground out 6-3 (Groundball, 6S, EV 83.1 MPH)
|
Pitching: RHP Bruce Wight
|
|
Batting: LHB Keith Long
|
0-0: Ball 1-0: Fly out, F8 (Flyball, 78D, EV 109.4 MPH)
|
Batting: RHB Tony Godley
|
0-0: Ground out 6-3 (Groundball, 6, EV 81.2 MPH)
|
Top of the 6th over - 0 runs, 0 hits, 0 errors, 0 left on base; Delmarva 2 - Cedar Rapids 0 |
BOTTOM OF THE 6TH |
Cedar Rapids Kernels batting - Pitching for Delmarva Shorebirds : RHP Bryant Orr
|
Batting: RHB David McDonald
|
0-0: Ball 1-0: Called Strike 1-1: Foul Ball, location: 2F 1-2: Ball 2-2: Foul Ball, location: 2F 2-2: SINGLE (Groundball, 6MD, EV 103.8 MPH)
|
Batting: RHB Tim Carter
|
0-0: Ball 1-0: Ball 2-0: Swinging Strike 2-1: Ball 3-1: Base on Balls David McDonald to second
|
Batting: LHB Kuemon Shishido
|
0-0: Grounds into double play, U6-3 (Groundball, 4M, EV 109.4 MPH) David McDonald to third
|
Batting: LHB Shaun Price
|
0-0: Ball 1-0: Ball 2-0: Called Strike 2-1: Foul Ball, location: 2F 2-2: Ball 3-2: Strikes out looking
|
Bottom of the 6th over - 0 runs, 1 hit, 0 errors, 1 left on base; Delmarva 2 - Cedar Rapids 0 |
TOP OF THE 7TH |
Delmarva Shorebirds batting - Pitching for Cedar Rapids Kernels : RHP Bruce Wight
|
Batting: RHB Josh Hopp
|
0-0: Ball 1-0: Foul Ball, location: 2F 1-1: Called Strike 1-2: Strikes out swinging
|
Batting: RHB Steve Jones
|
0-0: Foul Ball, location: 2F 0-1: Called Strike 0-2: Ground out 6-3 (Groundball, 6D, EV 106.2 MPH)
|
Batting: RHB Daniel Jackson
|
0-0: Foul Ball, location: 2F 0-1: Ball 1-1: Swinging Strike 1-2: Foul Ball, location: 2F 1-2: Fly out, F9 (Flyball, 9LS, EV 71.9 MPH)
|
Top of the 7th over - 0 runs, 0 hits, 0 errors, 0 left on base; Delmarva 2 - Cedar Rapids 0 |
BOTTOM OF THE 7TH |
Cedar Rapids Kernels batting - Pitching for Delmarva Shorebirds : RHP Bryant Orr
|
Pitching: LHP Jason Williams
|
|
Batting: LHB Brian Wagner
|
0-0: Ball 1-0: Called Strike 1-1: Foul Ball, location: 2F 1-2: Foul Ball, location: 2F 1-2: Ground out 4-3 (Groundball, 34, EV 106.9 MPH)
|
Batting: LHB Marvin Shepherd
|
0-0: Ball 1-0: Ball 2-0: Foul Ball, location: 2F 2-1: Swinging Strike 2-2: Strikes out swinging
|
Batting: LHB Hector Olvera
|
0-0: Ball 1-0: Fly out, F8 (Flyball, 8RD, EV 95.0 MPH)
|
Bottom of the 7th over - 0 runs, 0 hits, 0 errors, 0 left on base; Delmarva 2 - Cedar Rapids 0 |
TOP OF THE 8TH |
Delmarva Shorebirds batting - Pitching for Cedar Rapids Kernels : RHP Bruce Wight
|
Pitching: LHP Mark Challinor
|
|
Batting: RHB Ken Manser
|
0-0: Ball 1-0: Swinging Strike 1-1: Foul Ball, location: 2F 1-2: Strikes out looking
|
Batting: RHB Maup Gommers
|
0-0: Ball 1-0: Called Strike 1-1: Ground out 5-3 (Groundball, 56S, EV 84.4 MPH)
|
Batting: RHB Ethan Finke
|
0-0: Fly out, F8 (Flyball, 8RM, EV 97.5 MPH)
|
Top of the 8th over - 0 runs, 0 hits, 0 errors, 0 left on base; Delmarva 2 - Cedar Rapids 0 |
BOTTOM OF THE 8TH |
Cedar Rapids Kernels batting - Pitching for Delmarva Shorebirds : LHP Jason Williams
|
Pitching: RHP Harley Hyde
|
|
Batting: RHB Dave Berry
|
0-0: Called Strike 0-1: Ball 1-1: Foul Ball, location: 2F 1-2: Foul Ball, location: 2F 1-2: Strikes out swinging
|
Pinch Hitting: RHB Kevin Harris
|
0-0: Called Strike 0-1: Ground out 4-3 (Groundball, 4, EV 82.5 MPH)
|
Batting: RHB David McDonald
|
0-0: Ball 1-0: Ground out 5-3 (Groundball, 5, EV 107.5 MPH)
|
Bottom of the 8th over - 0 runs, 0 hits, 0 errors, 0 left on base; Delmarva 2 - Cedar Rapids 0 |
TOP OF THE 9TH |
Delmarva Shorebirds batting - Pitching for Cedar Rapids Kernels : LHP Mark Challinor
|
Now at 3B: Kevin Harris
|
|
Batting: RHB Wes Reynolds
|
0-0: Called Strike 0-1: Foul Ball, location: 2F 0-2: Ball 1-2: DOUBLE (Line Drive, 9LM, EV 112.5 MPH)
|
Batting: LHB Keith Long
|
0-0: Ball 1-0: Called Strike 1-1: Called Strike 1-2: Ball 2-2: Ball 3-2: SINGLE (Groundball, 34S, EV 73.1 MPH) (infield hit) Wes Reynolds to third
|
Batting: RHB Tony Godley
|
0-0: Ball 1-0: Foul Ball, location: 2F 1-1: Foul Ball, location: 2F 1-2: SINGLE (Line Drive, 8LS, EV 99.4 MPH) Wes Reynolds scores Keith Long to second
|
Batting: RHB Josh Hopp
|
0-0: Called Strike 0-1: Bunted foul 0-2: Ball 1-2: Foul Ball, location: 2F 1-2: Ball 2-2: Fielders Choice at 2nd, 6-4 (Groundball, 6, EV 90.6 MPH) Keith Long to third
|
Batting: RHB Steve Jones
|
0-0: Ball 1-0: Fielders Choice at 2nd, 1-6 (Groundball, 34S, EV 70.6 MPH)
|
Batting: RHB Daniel Jackson
|
0-0: Swinging Strike 0-1: Called Strike 0-2: Ball 1-2: Strikes out looking
|
Top of the 9th over - 1 run, 3 hits, 0 errors, 2 left on base; Delmarva 3 - Cedar Rapids 0 |
BOTTOM OF THE 9TH |
Cedar Rapids Kernels batting - Pitching for Delmarva Shorebirds : RHP Harley Hyde
|
Pitching: RHP Manny Rolfe
|
|
Batting: RHB Tim Carter
|
0-0: Called Strike 0-1: SINGLE (Line Drive, 8RS, EV 91.9 MPH)
|
Batting: LHB Kuemon Shishido
|
0-0: Swinging Strike 0-1: Called Strike 0-2: Ball 1-2: Strikes out swinging
|
Batting: LHB Shaun Price
|
0-0: Called Strike 0-1: Ball 1-1: Ball 2-1: Ball 3-1: Foul Ball, location: 2F 3-2: Base on Balls Tim Carter to second
|
Batting: LHB Brian Wagner
|
0-0: Ball 1-0: Ball 2-0: Ball 3-0: Base on Balls Tim Carter to third Shaun Price to second
|
Batting: LHB Marvin Shepherd
|
0-0: Called Strike 0-1: Ball 1-1: Foul Ball, location: 2F 1-2: Strikes out swinging
|
Batting: LHB Hector Olvera
|
0-0: DOUBLE (Line Drive, 9LS, EV 97.5 MPH) Tim Carter scores Shaun Price scores Brian Wagner to third Runner from 3rd tries for Home, SAFE, throw by RF to trailing runner, SAFE at third!
|
Batting: RHB Dave Berry
|
0-0: Foul Ball, location: 2F 0-1: Ground out 4-3 (Groundball, 4M, EV 81.9 MPH)
|
Bottom of the 9th over - 3 runs, 2 hits, 0 errors, 1 left on base; Delmarva 3 - Cedar Rapids 3 |
TOP OF THE 10TH |
Delmarva Shorebirds batting - Pitching for Cedar Rapids Kernels : LHP Mark Challinor
|
Pitching: RHP Steven Legge
|
|
Batting: RHB Ken Manser
|
0-0: Called Strike 0-1: Ball 1-1: Called Strike 1-2: Foul Ball, location: 2F 1-2: Ball 2-2: Ground out U3 (Groundball, 3L, EV 84.4 MPH)
|
Batting: RHB Maup Gommers
|
0-0: Called Strike 0-1: Ball 1-1: DOUBLE (Line Drive, 78D, EV 103.8 MPH)
|
Batting: RHB Ethan Finke
|
0-0: Ground out 4-3 (Groundball, 4, EV 84.4 MPH) Maup Gommers to third
|
Batting: RHB Wes Reynolds
|
0-0: Ball 1-0: Foul Ball, location: 2F 1-1: Foul Ball, location: 2F 1-2: Ball 2-2: DOUBLE (Flyball, 8RXD, EV 104.4 MPH) Maup Gommers scores
|
Batting: LHB Keith Long
|
0-0: Ball 1-0: Foul Ball, location: 2F 1-1: Ball 2-1: Called Strike 2-2: Ball 3-2: Foul Ball, location: 2F 3-2: Strikes out swinging
|
Top of the 10th over - 1 run, 2 hits, 0 errors, 1 left on base; Delmarva 4 - Cedar Rapids 3 |
BOTTOM OF THE 10TH |
Cedar Rapids Kernels batting - Pitching for Delmarva Shorebirds : RHP Manny Rolfe
|
Pitching: RHP Jon Grason
|
|
Batting: RHB Kevin Harris
|
0-0: Fly out, F4 (Popup, 4S, EV 69.4 MPH)
|
Batting: RHB David McDonald
|
0-0: Ball 1-0: Ball 2-0: Foul Ball, location: 2F 2-1: Swinging Strike 2-2: Ball 3-2: Fly out, F8 (Flyball, 8RD, EV 89.4 MPH)
|
Batting: RHB Tim Carter
|
0-0: SINGLE (Line Drive, 4MD, EV 96.2 MPH)
|
Batting: LHB Kuemon Shishido
|
0-0: Called Strike 0-1: Called Strike 0-2: Ball 1-2: Ball 2-2: Ball 3-2: SINGLE (Groundball, 3D, EV 101.9 MPH) Tim Carter to second Tim Carter to third
|
Batting: LHB Shaun Price
|
0-0: Ball 1-0: Foul Ball, location: 2F 1-1: Foul Ball, location: 2F 1-2: Ball 2-2: Ground out U3 (Groundball, 34, EV 104.4 MPH)
|
Bottom of the 10th over - 0 runs, 2 hits, 0 errors, 2 left on base; Delmarva 4 - Cedar Rapids 3 |
|